 Dungeon Crawl Stone Soup version 0.29.1-12-g30fa7ad0bf (webtiles) character file.

Game seed: 14456571256617545933

3810 GeoRichter the Jinx (level 9, -5/61 HPs)
             Began as a Demonspawn Arcane Marksman on Dec 20, 2022.
             Was a Priest of Sif Muna.
             Slain by a two-headed ogre
             ... wielding a +0 dire flail
              (17 damage)
             ... on level 8 of the Dungeon.
             The game lasted 00:26:24 (11744 turns).

GeoRichter the Jinx (Demonspawn Arcane Marksman)   Turns: 11744, Time: 00:26:24

Health: -5/61      AC:  8    Str: 10    XL:     9   Next: 96%
Magic:  1/18       EV: 13    Int: 18    God:    Sif Muna [***...]
Gold:   400        SH:  5    Dex: 15    Spells: 10/21 levels left

rFire   . . .      SeeInvis .   j - +2 sling (flame)
rCold   . . .      Faith    .   (no shield)
rNeg    . . .      Spirit   .   c - +0 robe
rPois   .          Reflect  +   q - +0 helmet
rElec   .          Harm     .   (no cloak)
rCorr   .          Rampage  .   C - +0 pair of gloves
Will    .....                   (no boots)
Stlth   +.........              E - amulet of reflection
HPRegen 0.20/turn               i - +4 ring of protection
MPRegen 0.16/turn               (no ring)

@: no status effects
A: claws 1, foul stench 2, spiny 1
a: Renounce Religion, Channel Magic, Forget Spell


You were on level 8 of the Dungeon.
You worshipped Sif Muna.
Sif Muna was most pleased with you.
You visited 1 branch of the dungeon, and saw 8 of its levels.

You collected 400 gold pieces.

Inventory:

Hand Weapons
 j - a +2 sling of flaming (weapon)
   (You took it off a goblin on level 2 of the Dungeon)
Missiles
 a - 2 throwing nets {!f}
Armour
 c - a +0 robe (worn)
 q - a +0 helmet (worn)
   (You took it off Robin on level 3 of the Dungeon)
 C - a +0 pair of gloves (worn)
   (You found it on level 8 of the Dungeon)
Jewellery
 i - a +4 ring of protection (left hand)
   (You found it on level 2 of the Dungeon)
 E - an amulet of reflection (around neck)
   (You found it on level 8 of the Dungeon)
Wands
 o - a wand of mindburst (15)
   (You found it on level 4 of the Dungeon)
 v - a wand of polymorph (9)
   (You took it off Natasha on level 4 of the Dungeon)
Scrolls
 d - 5 scrolls of identify {unknown}
 e - a scroll of enchant armour {unknown}
 h - a scroll of amnesia {unknown}
 l - a scroll of vulnerability {unknown}
 n - 2 scrolls of summoning {unknown}
 r - a scroll of torment {unknown}
 s - 2 scrolls of noise {unknown}
 u - a scroll of enchant weapon {unknown}
 z - a scroll of acquirement {unknown}
 A - a scroll of blinking {unknown}
 B - a scroll of fear {unknown}
 D - a scroll of butterflies {unknown}
Potions
 b - 3 potions of curing {@q1}
 f - 2 potions of heal wounds {unknown}
 g - 2 potions of cancellation {unknown}
 k - 2 potions of brilliance
 m - a potion of attraction {unknown}
 p - 3 potions of flight {unknown}
 t - a potion of degeneration {unknown}
 w - a potion of resistance
 x - 2 potions of ambrosia {unknown}


   Skills:
 - Level 2.0 Fighting
 * Level 6.1 Ranged Weapons
 + Level 2.0 Armour
 + Level 2.9 Dodging
 + Level 6.5 Spellcasting
 - Level 10.0 Hexes
 + Level 3.1 Invocations


You had 10 spell levels left.
You knew the following spells:

 Your Spells              Type           Power      Damage    Failure   Level
a - Slow                  Hex            100%       N/A       1%          1
b - Tukima's Dance        Hex            41%        N/A       1%          3
c - Portal Projectile     Hex/Tloc       46%        N/A       4%          3
d - Cause Fear            Hex            20%        N/A       1%          4

Your spell library contained the following spells:

 Spells                   Type           Power      Damage    Failure   Level
 Inner Flame              Hex/Fire       23%        N/A       4%          3
 Hailstorm                Conj/Ice       5%         3d4       75%         4
 Ice Form                 Ice/Tmut       5%         N/A       75%         4
 Blade Hands              Tmut           2%         N/A       97%         5
 Simulacrum               Ice/Necr       2%         N/A       100%        6


Dungeon Overview and Level Annotations

Branches:
Dungeon (8/15) Zot: 26659  Temple (0/1) D:7
   Lair: D:8-11

Altars:
Hepliaklqana
Okawaru
Qazlal
Sif Muna
Yredelemnul

Annotations:
D:6 Menkaure


Innate Abilities, Weirdness & Mutations

You have sharp fingernails.
You sometimes emit foul miasma when damaged in melee.
You are partially covered in sharp spines.


Message History

You see here a +0 sling.
A two-headed ogre comes into view.
It is wielding a +0 dire flail and a +0 giant club.
The two-headed ogre shouts in stereo!
Aim: a two-headed ogre, wielding a +0 dire flail and a +0 giant club (chance to affect: 50%)
The two-headed ogre resists with some effort.
Aim: a two-headed ogre, wielding a +0 dire flail and a +0 giant club (chance to affect: 50%)
The two-headed ogre resists with some effort.
The two-headed ogre easily resists.
The two-headed ogre is struck by your spines.
The two-headed ogre hits you with a +0 dire flail!!
The two-headed ogre hits you with a +0 giant club!
* * * LOW HITPOINT WARNING * * *
You emit a cloud of foul miasma!
Okay, then.
Look: a two-headed ogre, wielding a +0 dire flail and a +0 giant club (foul pestilence, lightly wounded, chance to affect: 60%)
The two-headed ogre resists with some effort.
The two-headed ogre resists with almost no effort.
The two-headed ogre is engulfed in dark miasma.
The two-headed ogre is poisoned.
The two-headed ogre hits you with a +0 dire flail!
* * * LOW HITPOINT WARNING * * *
The two-headed ogre misses you.
Okay, then.
Okay, then.
Okay, then.
Fire: j) +2 sling (flame)
Aim: a two-headed ogre, wielding a +0 dire flail and a +0 giant club (foul pestilence, lightly wounded, poisoned, 77% to hit)
You shoot a sling bullet.
The sling bullet hits the two-headed ogre!
The sling bullet burns the two-headed ogre.
The two-headed ogre is engulfed in dark miasma.
The two-headed ogre looks even sicker.
The two-headed ogre is struck by your spines.
The two-headed ogre hits you with a +0 dire flail.
* * * LOW HITPOINT WARNING * * *
The two-headed ogre barely misses you.
Fire: j) +2 sling (flame)
Aim: a two-headed ogre, wielding a +0 dire flail and a +0 giant club (foul pestilence, heavily wounded, very poisoned, 77% to hit)
You shoot a sling bullet.
The sling bullet hits the two-headed ogre!
The sling bullet burns the two-headed ogre.
Fire: j) +2 sling (flame)
Aim: a two-headed ogre, wielding a +0 dire flail and a +0 giant club (foul pestilence, severely wounded, very poisoned, 77% to hit)
You shoot a sling bullet.
The sling bullet barely misses the two-headed ogre.
The two-headed ogre is engulfed in dark miasma.
The two-headed ogre looks even sicker.
The two-headed ogre seems to slow down.
You block the two-headed ogre's attack.
The two-headed ogre hits you with a +0 giant club!
You die...

.P.≈#..# #. #. P...#..# #.
#.. P ##....#######. #...
..#.....#....... #...#
≈...#...........
#....#######....#.......
#.......##.##.#.#######.
#.....O.##.#....# #.
#@......#.# ###. #.##......#
###... #####.##......#
#...." #.).....##...##
#.#.#. #.###.......## #.#...
#.#####.#####.##.## #.#.#.
#........#.......# #.#..#
#####......##.#########...##
##...####.# #......##


You could see a two-headed ogre (very poisoned, slow).

Vanquished Creatures
  Pikel (D:4)
  Sigmund (D:3)
  A steam dragon (D:7)
  A water moccasin (D:6)
  Duvessa (D:5)
  An orc warrior (D:7)
  An ice beast (D:5)
  2 sky beasts
  2 hornet zombies (D:6)
  2 black bears
  An ogre (D:6)
  A centaur (D:7)
  4 lemures
  2 phantoms
  A kobold brigand (D:6)
  2 necrophages
  3 bullfrogs
  2 scorpions
  A water moccasin zombie (D:6)
  A wight (D:7)
  Dowan (D:5)
  2 bullfrog zombies (D:6)
  A hound (D:5)
  A jelly (D:6)
  A gnoll bouda (D:3)
  A centaur zombie (D:6)
  3 orc priests (D:7)
  Jessica (D:2)
  Natasha (thrice) (D:4)
  Ijyb (D:3)
  2 iguanas (D:6)
  3 orc wizards (D:7)
  A howler monkey zombie (D:6)
  Robin (D:3)
  8 adders
  14 gnolls
  2 shadow imps
  A white imp (D:5)
  2 worms
  3 dart slugs
  17 orcs
  4 ball pythons
  3 endoplasms
  2 giant cockroaches
  8 goblins
  7 hobgoblins
  2 jackals (D:2)
  9 kobolds
  4 quokkas
  5 bats
  2 frilled lizards
  3 rats
149 creatures vanquished.

Vanquished Creatures (collateral kills)
  An orc warrior (D:7)
  An ogre (D:7)
  A gnoll bouda (D:7)
  An orc wizard (D:7)
  5 gnolls
  2 orcs
  3 kobolds (D:7)
14 creatures vanquished.

Vanquished Creatures (others)
  4 dancing weapons
  4 plants (D:3)
  2 withered plants (D:3)
10 creatures vanquished.

Grand Total: 173 creatures vanquished

Notes
Turn   | Place    | Note
-------+----------+-------------------------------------------
     0 | D:1      | GeoRichter the Demonspawn Arcane Marksman began the quest
                  | for the Orb.
     0 | D:1      | Reached XP level 1. HP: 15/15 MP: 2/2
   325 | D:1      | Gained mutation: You may rarely emit foul miasma when
                  | damaged in melee. [demonic ancestry]
   325 | D:1      | Reached XP level 2. HP: 20/21 MP: 3/3
   767 | D:2      | Noticed Jessica
  1083 | D:2      | Killed Jessica
  1084 | D:2      | Gained mutation: You are partially covered in sharp spines.
                  | [demonic ancestry]
  1084 | D:2      | Reached XP level 3. HP: 26/26 MP: 2/4
  1144 | D:2      | You fall into a shaft and drop 1 floor!
  1561 | D:2      | Found a shimmering blue altar of Sif Muna.
  1570 | D:2      | Became a worshipper of Sif Muna the Loreminder
  1628 | D:2      | Reached XP level 4. HP: 32/32 MP: 5/5
  1768 | D:3      | Noticed Robin
  1784 | D:3      | Killed Robin
  2083 | D:3      | Reached XP level 5. HP: 37/37 MP: 6/6
  2141 | D:3      | Noticed Sigmund
  2171 | D:3      | Found a faded altar of an unknown god.
  2314 | D:3      | Noticed Ijyb
  2380 | D:3      | Killed Ijyb
  2381 | D:3      | Reached skill level 5 in Ranged Weapons
  2401 | D:3      | Learned a level 3 spell: Tukima's Dance
  2508 | D:3      | Reached * piety under Sif Muna
  2890 | D:4      | Reached skill level 4 in Hexes
  2890 | D:4      | Gained mutation: You have sharp fingernails. [demonic
                  | ancestry]
  2890 | D:4      | Reached XP level 6. HP: 38/43 MP: 8/8
  3188 | D:4      | Noticed Pikel
  4302 | D:4      | Noticed Natasha
  4306 | D:4      | Killed Natasha
  4340 | D:4      | Killed Pikel
  4341 | D:4      | Reached skill level 6 in Hexes
  4341 | D:4      | Reached XP level 7. HP: 39/48 MP: 5/12
  4721 | D:3      | Found a faded altar of an unknown god.
  4756 | D:3      | Killed Sigmund
  4781 | D:4      | Reached XP level 8. HP: 54/54 MP: 14/14
  4819 | D:4      | Learned a level 3 spell: Portal Projectile
  5387 | D:4      | Noticed Natasha
  5414 | D:4      | Killed Natasha
  5415 | D:4      | Reached skill level 7 in Hexes
  5621 | D:4      | Noticed Natasha
  5635 | D:4      | Killed Natasha
  5686 | D:5      | Entered Level 5 of the Dungeon
  6058 | D:5      | Noticed Duvessa
  6060 | D:5      | Noticed Dowan
  6077 | D:5      | Killed Duvessa
  6079 | D:5      | Killed Dowan
  6215 | D:5      | Reached skill level 8 in Hexes
  6344 | D:5      | Learned a level 4 spell: Cause Fear
  6483 | D:5      | Reached ** piety under Sif Muna
  6788 | D:6      | Noticed Menkaure
  6999 | D:6      | Reached skill level 5 in Spellcasting
  7025 | D:6      | Found a basalt altar of Yredelemnul.
  7261 | D:6      | Reached skill level 9 in Hexes
  7499 | D:6      | Gained mutation: You sometimes emit foul miasma when
                  | damaged in melee. [demonic ancestry]
  7499 | D:6      | Reached XP level 9. HP: 24/59 MP: 11/17
  7798 | D:6      | Found an iron altar of Okawaru.
  8001 | D:6      | Found a stormy altar of Qazlal.
  9065 | D:7      | Reached skill level 10 in Hexes
  9277 | D:7      | Reached skill level 1 in Invocations
  9498 | D:7      | Reached skill level 1 in Armour
 10513 | D:7      | Found a staircase to the Ecumenical Temple.
 10801 | D:7      | Found a hazy altar of Hepliaklqana.
 11024 | D:7      | Reached *** piety under Sif Muna
 11291 | D:7      | Found a shimmering blue altar of Sif Muna.
 11736 | D:8      | Noticed a two-headed ogre
 11744 | D:8      | Slain by a two-headed ogre

Illustrated notes

Levels and vault maps discovered:
D:1:      dpeg_arrival_three_smaller_balls, layout_basic
D:2:      layout_basic, basic_altar, minivault_25, uniq_jessica
D:3:      layout_loops_ring, shapermc_ecumenical_altar_flowoftime, st_stairs_7,
          minmay_misc_feat_tower, uniq_robin, uniq_ijyb, uniq_sigmund
D:4:      layout_gridville, uniq_pikel, uniq_natasha
D:5:      layout_loops_ring, uniq_duvessa
D:6:      layout_loops_corners, nicolae_qazlal_style_of_elements,
          nicolae_yredelemnul_corpse_copse, lemuel_doored_altar, uniq_menkaure
D:7:      layout_cave_pools, kennysheep_orc_sif_temple, elyvilon_altar_1,
          mainiacjoe_overflow_brackets, temple_fountains,
          amcnicky_mini_pool_medium
D:8:      layout_loops_cross, dpeg_oklobed_lair, kennysheep_generic_room_2

Skill      XL: |  1  2  3  4  5  6  7  8  9 |
---------------+----------------------------+-----
Ranged Weapons | 2 3 4 5 6 |  6.1
Hexes          | 4 6 9 10 | 10.0
Spellcasting   | 3 4 5 6 |  6.5
Dodging        | 2 |  2.9
Invocations    | 3 |  3.1
Armour         | 2 |  2.0
Fighting       | 2 |  2.0

Action                   |  1- 3 |  4- 6 |  7- 9 || total
-------------------------+-------+-------+-------++-------
 Fire: Sling             |    85 |   208 |   376 ||   669
 Cast: Slow              |     3 |       |     1 ||     4
       Tukima's Dance    |       |     1 |    50 ||    51
       Portal Projectile |       |       |    22 ||    22
       Cause Fear        |       |       |     7 ||     7
  Use: Scroll            |       |     4 |       ||     4
Armor: Robe              |    19 |    32 |    83 ||   134
Dodge: Dodged            |    23 |    46 |   142 ||   211
Block: Other             |       |       |     1 ||     1
